 Dungeon Crawl Stone Soup version 0.30-a0-782-ge64f9170bb (webtiles) character file.

Game seed: 5103182015304199179

134 Angani the Magician (level 4, -3/33 HPs)
             Began as a Draconian Hedge Wizard on Mar 12, 2023.
             Slain by Pikel
             ... wielding a +1 whip of electrocution
              (12 damage)
             ... on level 4 of the Dungeon.
             The game lasted 00:05:57 (2859 turns).

Angani the Magician (Draconian Hedge Wizard)        Turns: 2859, Time: 00:05:58

Health: -3/33      AC:  8    Str: 12    XL:     4   Next: 95%
Magic:  10/10      EV: 11    Int: 17    God:
Gold:   228        SH:  3    Dex: 10    Spells: 10/11 levels left

rFire   . . .      SeeInvis .    q - +7 spear "Vounih" {spect, rPois rN+ rCorr}
rCold   . . .      Faith    .    g - +0 buckler
rNeg    + . .      Spirit   .    (body armour unavailable)
rPois   +          Reflect  .    b - +0 hat
rElec   .          Harm     .    a - +1 cloak
rCorr   +          Rampage  .    (no gloves)
Will    .....                    t - +0 pair of boots
Stlth   ++                       n - amulet of the acrobat
HPRegen 0.25/turn                (no ring)
MPRegen 0.12/turn                (no ring)

@: no status effects
A: AC +5, unfitting armour, cold-blooded
a: no special abilities


You were on level 4 of the Dungeon.
You visited 1 branch of the dungeon, and saw 4 of its levels.

You collected 228 gold pieces.

Inventory:

Hand Weapons
 q - the +7 spear "Vounih" (weapon) {spect, rPois rN+ rCorr}
   (You found it on level 2 of the Dungeon)

   rPois:     It protects you from poison.
   rN:        It protects you from negative energy.
   rCorr:     It protects you from acid and corrosion.
Armour
 a - a +1 cloak (worn)
 b - a +0 hat (worn)
 g - a +0 buckler (worn)
 r - a +0 kite shield
 t - a +0 pair of boots (worn)
Jewellery
 d - a ring of ice
 n - an amulet of the acrobat (around neck)
Scrolls
 e - a scroll of amnesia {unknown}
 i - 3 scrolls of teleportation
 j - a scroll of fear {unknown}
 o - a scroll of blinking {unknown}
 s - a scroll of poison {unknown}
 u - 2 scrolls of fog {unknown}
Potions
 c - a potion of magic
 f - 2 potions of heal wounds
 h - a potion of berserk rage {unknown}
 k - a potion of lignification {unknown}
 l - a potion of brilliance {unknown}
 m - 3 potions of might
 p - a potion of curing {unknown}


   Skills:
 - Level 1.7 Dodging
 - Level 3.0 Stealth
 + Level 4.0 Spellcasting
 + Level 3.0 Conjurations
 - Level 1.0 Summonings
 - Level 1.0 Translocations


You had 10 spell levels left.
You knew the following spells:

 Your Spells              Type           Power      Damage    Failure   Level
a - Magic Dart            Conj           52%        1d5       6%          1

Your spell library contained the following spells:

 Spells                   Type           Power      Damage    Failure   Level
 Necrotise                Necr           12%        1d4       22%         1
 Slow                     Hex            12%        N/A       22%         1
 Blink                    Tloc           12%        N/A       22%         2
 Call Imp                 Summ           6%         N/A       22%         2
 Cigotuvi's Dreadful Rot  Necr/Pois/Air  6%         N/A       32%         2
 Mephitic Cloud           Conj/Pois/Air  6%         N/A       38%         3
 Summon Guardian Golem    Hex/Summ       5%         N/A       45%         3
 Vampiric Draining        Necr           3%         2d6       54%         3
 Agony                    Necr           3%         N/A       99%         5
 Orb of Destruction       Conj           6%         9d6       100%        7
 Spellforged Servitor     Conj/Summ      5%         N/A       100%        7


Dungeon Overview and Level Annotations

Branches:
Dungeon (4/15)
 Temple: D:4-7

Altars:
Fedhas
Kikubaaqudgha
Nemelex Xobeh
Yredelemnul

Annotations:
D:4 Pikel


Innate Abilities, Weirdness & Mutations

Your plain brown scales are hard. (AC +5)
You cannot fit into any form of body armour.
You are cold-blooded and may be slowed by cold attacks.


Message History

You now have 228 gold pieces (gained 10). 2 lemures come into view.
Aiming: Magic Dart (safe; 6% risk of failure)
Press: ? - help, Q - select action Shift-Dir - straight line, f - lemure
Aim: a lemure (100% to hit)
The magic dart hits the lemure but does no damage.
The lemure shouts!
You hear a shout! x2
You reach to attack!
You closely miss the lemure.
Your +7 spear "Vounih" {spect, rPois rN+ rCorr} hits the lemure.
The lemure hits your +7 spear "Vounih" {spect, rPois rN+ rCorr} but does no damage.
The lemure barely misses your +7 spear "Vounih" {spect, rPois rN+ rCorr}.
You could not reach far enough!
You puncture the lemure!
Your tail-slap misses the lemure.
The lemure is heavily wounded.
Your +7 spear "Vounih" {spect, rPois rN+ rCorr} hits the lemure from afar!
The lemure hits you.
You hit the lemure.
The lemure is almost dead.
Your +7 spear "Vounih" {spect, rPois rN+ rCorr} closely misses the lemure.
Pikel, Merchant of Souls comes into view.
He is wielding a +1 whip of electrocution, wearing a +1 robe of cold resistance and carrying a wand of mindburst (10).
You hit the lemure.
The lemure is almost dead.
Your +7 spear "Vounih" {spect, rPois rN+ rCorr} closely misses the lemure.
You barely miss Pikel.
Your +7 spear "Vounih" {spect, rPois rN+ rCorr} hits Pikel from afar!
You closely miss Pikel.
Pikel is moderately wounded.
Your +7 spear "Vounih" {spect, rPois rN+ rCorr} misses Pikel.
Pikel hits you with a +1 whip of electrocution.
You are electrocuted!
Ouch! That really hurt!
You are too injured to fight recklessly!
You closely miss Pikel.
Pikel is moderately wounded.
Your +7 spear "Vounih" {spect, rPois rN+ rCorr} closely misses Pikel.
Pikel misses you.
Pikel hits you with a +1 whip of electrocution.
* * * LOW HITPOINT WARNING * * *
You are electrocuted!
You die...

.. .. ### ### #.
#.. ..# #. #.# #.#
#.
#.###.####.#####
##.
#5..55.........#
#..
#K#.#..###.#####..
#@#.#..#..........
#.(......#.###.#..
#.###.####.# #.#..
#.###......# #.#..
#.....###### #.###
####### #.# #
#.... ##### #


You could see Pikel, 2 lemures and a friendly +7 spear "Vounih" {spect, rPois
rN+ rCorr} (summoned).

Vanquished Creatures
  An iguana (D:2)
  3 adders (D:3)
  2 dart slugs
  7 orcs
  3 bats (D:1)
  3 endoplasms
  4 giant cockroaches
  5 goblins
  5 hobgoblins
  6 jackals (D:2)
  4 kobolds
  4 quokkas
  8 ball pythons
  8 rats
63 creatures vanquished.

Notes
Turn   | Place    | Note
-------+----------+-------------------------------------------
     0 | D:1      | Angani the Draconian Hedge Wizard began the quest for the
                  | Orb.
     0 | D:1      | Reached XP level 1. HP: 14/14 MP: 4/4
   223 | D:1      | Reached XP level 2. HP: 17/20 MP: 0/6
  1151 | D:1      | Reached XP level 3. HP: 25/26 MP: 4/7
  1765 | D:2      | Identified the +7 spear "Vounih" {spect, rPois rN+ rCorr}
  1904 | D:2      | Reached XP level 4. HP: 33/33 MP: 5/9
  2073 | D:3      | Found an ancient bone altar of Kikubaaqudgha.
  2073 | D:3      | Found a blossoming altar of Fedhas.
  2535 | D:3      | Found a basalt altar of Yredelemnul.
  2654 | D:4      | Found a sparkling altar of Nemelex Xobeh.
  2793 | D:4      | Reached skill level 4 in Spellcasting
  2849 | D:4      | Noticed a lemure
  2849 | D:4      | Noticed a lemure
  2855 | D:4      | Noticed Pikel
  2859 | D:4      | Slain by Pikel

Illustrated notes

Levels and vault maps discovered:
D:1:      saegor_arrival_fortress, layout_loops_ring
D:2:      layout_rooms, minmay_misc_feat_four_crosses, nrook_uturn
D:3:      layout_rooms, grunt_temple_overflow_growth_and_decay,
          lemuel_coloured_pillars_altar, serial_curves, eino_curves_03,
          eino_curves_02
D:4:      layout_loops_cross, lemuel_doored_altar, gammafunk_ghost_necromancy,
          uniq_pikel

Skill      XL: |  1  2  3  4 |
---------------+-------------+-----
Stealth        | 2 3 |  3.0
Conjurations   | 2 3 |  3.0
Spellcasting   | 4 |  4.0
Dodging        | |  1.7
Summonings     | |  1.0
Translocations | |  1.0

Action                     |  1- 3 |  4- 6 || total
---------------------------+-------+-------++-------
  Melee: Dagger            |   123 |       ||   123
         Tailslap          |    12 |     1 ||    13
         Spear             |     4 |    28 ||    32
   Cast: Magic Dart        |    71 |     1 ||    72
    Use: Scroll            |       |     3 ||     3
   Stab: Sleeping          |     1 |     1 ||     2
 Armour: Skin              |    56 |     1 ||    57
  Dodge: Dodged            |    91 |     4 ||    95
  Block: Buckler           |     8 |     1 ||     9

Table legend: (Time is in decaauts)
 A = Elapsed time spent in this place.
 B = Non-inter-level travel time spent in this place.
 C = Inter-level travel time spent in this place.
 D = Time resting spent in this place.
 E = Time spent auto-exploring this place.
 F = Levels seen in this place.
 G = Mean time per level.
                   A        B        C        D        E       F      G
               +--------+--------+--------+--------+--------+-----+--------+
         Total |   2866 |   2763 |    103 |    225 |   2022 |   4 |  716.5 |
       Dungeon |   2866 |   2763 |    103 |    225 |   2022 |   4 |  716.5 |
               +--------+--------+--------+--------+--------+-----+--------+

Top non-repeatable levels by time:
     D:1: 1244 daAuts
     D:2: 789 daAuts
     D:3: 607 daAuts
     D:4: 223 daAuts
